BR
WESLACO CHIEFS @ HARTFORD DARTH WHALERS
08/03/2027
 
TOP OF THE 1ST
Weslaco Chiefs batting - Pitching for Hartford Darth Whalers : LHP Will Chapman
Pitching: LHP Will Chapman
Batting: LHB Edgardo Molina 0-0: Swinging Strike
0-1: Swinging Strike
0-2: Foul Ball, location: 2F
0-2: Ball
1-2: Fly out, F8 (Flyball, 8LM)
Batting: RHB Jorge Calderón 0-0: Ball
1-0: Called Strike
1-1: Ball
2-1: Foul Ball, location: 2F
2-2: Ball
3-2: Base on Balls
Batting: RHB Jeremiah Ward 0-0: Ball
1-0: Ball
2-0: Fly out, F9 (Flyball, 9S)
Batting: RHB Aaron Stevens 0-0: Called Strike
0-1: Ground out 6-3 (Groundball, 6S)
Top of the 1st over - 0 run(s), 0 hit(s), 0 error(s), 1 left on base; Weslaco 0 - Hartford 0
BOTTOM OF THE 1ST
Hartford Darth Whalers batting - Pitching for Weslaco Chiefs : RHP Arthur Martínez
Pitching: RHP Arthur Martínez
Batting: LHB Tim Griffith 0-0: Ball
1-0: Ground out 6-3 (Groundball, 6)
Batting: RHB Sidney Smith 0-0: Fly out, F3 (Line Drive, 3L)
Batting: RHB Gabriel Ángel 0-0: Ball
1-0: Called Strike
1-1: Ball
2-1: Ball
3-1: Fly out, F8 (Flyball, 8RXD)
Bottom of the 1st over - 0 run(s), 0 hit(s), 0 error(s), 0 left on base; Weslaco 0 - Hartford 0
TOP OF THE 2ND
Weslaco Chiefs batting - Pitching for Hartford Darth Whalers : LHP Will Chapman
Batting: RHB Troy Johnson 0-0: Fly out, F9 (Flyball, 9LMF)
Batting: RHB Jerry Browning 0-0: Called Strike
0-1: Ball
1-1: Ball
2-1: Swinging Strike
2-2: Strikes out swinging
Batting: SHB Artie Adams 0-0: Ball
1-0: Ball
2-0: Called Strike
2-1: Ground out 4-3 (Groundball, 4M)
Top of the 2nd over - 0 run(s), 0 hit(s), 0 error(s), 0 left on base; Weslaco 0 - Hartford 0
BOTTOM OF THE 2ND
Hartford Darth Whalers batting - Pitching for Weslaco Chiefs : RHP Arthur Martínez
Batting: RHB Sean White 0-0: SINGLE (Line Drive, 8RS)
Batting: RHB Augusto Padilla 0-0: Ball
Sean White steals 2nd base
1-0: Called Strike
1-1: DOUBLE (Line Drive, 7LM)
Sean White scores
Batting: RHB Donny Boykins 0-0: Ground out 6-3 (Groundball, 56D)
Batting: LHB Pancho Hernández 0-0: Ball
1-0: Ground out U3 (Groundball, 3)
Augusto Padilla to third
Batting: RHB Chester Mullins 0-0: Called Strike
0-1: Ball
1-1: Swinging Strike
1-2: Ball
2-2: Strikes out swinging
Bottom of the 2nd over - 1 run(s), 2 hit(s), 0 error(s), 1 left on base; Weslaco 0 - Hartford 1
TOP OF THE 3RD
Weslaco Chiefs batting - Pitching for Hartford Darth Whalers : LHP Will Chapman
Batting: RHB Seth O'Toole 0-0: Called Strike
0-1: Swinging Strike
0-2: Ball
1-2: Strikes out swinging, 2-3 out at first.
Batting: RHB Ed Gaston 0-0: Called Strike
0-1: Ball
1-1: Ground out U3 (Groundball, 34)
Batting: LHB Edgardo Molina 0-0: Called Strike
0-1: Ball
1-1: Fly out, F8 (Flyball, 8LD)
Top of the 3rd over - 0 run(s), 0 hit(s), 0 error(s), 0 left on base; Weslaco 0 - Hartford 1
BOTTOM OF THE 3RD
Hartford Darth Whalers batting - Pitching for Weslaco Chiefs : RHP Arthur Martínez
Batting: LHB Chris Henry 0-0: Ball
1-0: Swinging Strike
1-1: SINGLE (Line Drive, 78S)
Batting: LHB Tim Griffith 0-0: Called Strike
0-1: Ball
1-1: Foul Ball, location: 2F
1-2: Strikes out swinging
Batting: RHB Sidney Smith 0-0: Called Strike
0-1: Swinging Strike
0-2: Ball
1-2: Fielders Choice at 2nd, 5-4 (Groundball, 56)
Batting: RHB Gabriel Ángel 0-0: Foul Ball, location: 2F
0-1: Foul Ball, location: 2F
0-2: Foul Ball, location: 2F
0-2: Ball
1-2: Ball
2-2: Ball
3-2: Foul Ball, location: 2F
Balk!
Sidney Smith to second
3-2: Foul Ball, location: 2F
3-2: Foul Ball, location: 2F
3-2: 2-RUN HOME RUN (Line Drive, 8LXD), Distance : 455 ft
Batting: RHB Sean White 0-0: Ground out 6-3 (Groundball, 6)
Bottom of the 3rd over - 2 run(s), 2 hit(s), 0 error(s), 0 left on base; Weslaco 0 - Hartford 3
TOP OF THE 4TH
Weslaco Chiefs batting - Pitching for Hartford Darth Whalers : LHP Will Chapman
Batting: RHB Jorge Calderón 0-0: Ball
1-0: Ground out 6-3 (Groundball, 6S)
Batting: RHB Jeremiah Ward 0-0: Foul Ball, location: 2F
0-1: Foul Ball, location: 2F
0-2: Strikes out swinging
Batting: RHB Aaron Stevens 0-0: Swinging Strike
0-1: Foul Ball, location: 2F
0-2: Foul Ball, location: 2F
0-2: Ground out 5-3 (Groundball, 5)
Top of the 4th over - 0 run(s), 0 hit(s), 0 error(s), 0 left on base; Weslaco 0 - Hartford 3
BOTTOM OF THE 4TH
Hartford Darth Whalers batting - Pitching for Weslaco Chiefs : RHP Arthur Martínez
Batting: RHB Augusto Padilla 0-0: Called Strike
0-1: Called Strike
0-2: Ball
1-2: Ground out 5-3 (Groundball, 56S)
Batting: RHB Donny Boykins 0-0: Called Strike
0-1: Swinging Strike
0-2: Ball
1-2: Ground out 5-3 (Groundball, 56S)
Batting: LHB Pancho Hernández 0-0: Ball
1-0: Called Strike
1-1: Ball
2-1: Called Strike
2-2: Ball
3-2: Foul Ball, location: 2F
3-2: Strikes out swinging
Bottom of the 4th over - 0 run(s), 0 hit(s), 0 error(s), 0 left on base; Weslaco 0 - Hartford 3
TOP OF THE 5TH
Weslaco Chiefs batting - Pitching for Hartford Darth Whalers : LHP Will Chapman
Batting: RHB Troy Johnson 0-0: Ball
1-0: Hit by Pitch
Batting: RHB Jerry Browning 0-0: Called Strike
0-1: Ball
1-1: SINGLE (Groundball, 4MD)
Troy Johnson to second
Batting: SHB Artie Adams 0-0: Ball
1-0: Swinging Strike
1-1: Ball
2-1: Ball
3-1: Fly out, F8 (Flyball, 8RS)
Batting: RHB Seth O'Toole 0-0: Called Strike
0-1: Ball
1-1: Fly out, F8 (Flyball, 8LM)
Batting: RHB Ed Gaston 0-0: Ball
1-0: Called Strike
1-1: Foul Ball, location: 2F
1-2: Ball
2-2: Strikes out swinging
Top of the 5th over - 0 run(s), 1 hit(s), 0 error(s), 2 left on base; Weslaco 0 - Hartford 3
BOTTOM OF THE 5TH
Hartford Darth Whalers batting - Pitching for Weslaco Chiefs : RHP Arthur Martínez
Batting: RHB Chester Mullins 0-0: Swinging Strike
0-1: Swinging Strike
0-2: Foul Ball, location: 2F
0-2: Foul Ball, location: 2F
0-2: Strikes out looking
Batting: LHB Chris Henry 0-0: Swinging Strike
0-1: Ball
1-1: Foul Ball, location: 2F
1-2: Ball
2-2: Ball
3-2: Base on Balls
Batting: LHB Tim Griffith 0-0: Foul Ball, location: 2F
0-1: Foul Ball, location: 2F
0-2: Ball
1-2: Ball
2-2: Strikes out swinging
Batting: RHB Sidney Smith 0-0: Called Strike
0-1: Called Strike
0-2: Ball
1-2: Strikes out swinging
Bottom of the 5th over - 0 run(s), 0 hit(s), 0 error(s), 1 left on base; Weslaco 0 - Hartford 3
TOP OF THE 6TH
Weslaco Chiefs batting - Pitching for Hartford Darth Whalers : LHP Will Chapman
Batting: LHB Edgardo Molina 0-0: Called Strike
0-1: Ground out 5-3 (Groundball, 56)
Batting: RHB Jorge Calderón 0-0: Ground out 4-3 (Groundball, 4)
Batting: RHB Jeremiah Ward 0-0: Fly out, F8 (Line Drive, 78D)
Top of the 6th over - 0 run(s), 0 hit(s), 0 error(s), 0 left on base; Weslaco 0 - Hartford 3
BOTTOM OF THE 6TH
Hartford Darth Whalers batting - Pitching for Weslaco Chiefs : RHP Arthur Martínez
Batting: RHB Gabriel Ángel 0-0: Ball
1-0: Foul Ball, location: 2F
1-1: Ball
2-1: Hit by Pitch
Pitching: RHP Brian Atkins
Batting: RHB Sean White 0-0: Called Strike
0-1: SINGLE (Flyball, 8LS)
Gabriel Ángel to second
Batting: RHB Augusto Padilla 0-0: Called Strike
0-1: Ball
1-1: 3-RUN HOME RUN (Line Drive, 89XD), Distance : 433 ft
Batting: RHB Donny Boykins 0-0: Ball
1-0: Foul Ball, location: 2F
1-1: Hit by Pitch, AND HE CHARGES THE MOUND! The benches clear!
Pitching: RHP Tim Lowry
Pinch Runner at 1st José Chávez:
Batting: LHB Pancho Hernández 0-0: Foul Ball, location: 2F
0-1: Ground out 4-3 (Groundball, 4MS)
José Chávez to second
Batting: RHB Chester Mullins 0-0: Ball
Passed Ball!
José Chávez to third
1-0: Foul Ball, location: 2F
1-1: Swinging Strike
1-2: Ball
2-2: Foul Ball, location: 2F
2-2: Ball
3-2: Strikes out looking
Batting: LHB Chris Henry 0-0: Foul Ball, location: 2F
0-1: Called Strike
0-2: Strikes out swinging
Bottom of the 6th over - 3 run(s), 2 hit(s), 0 error(s), 1 left on base; Weslaco 0 - Hartford 6
TOP OF THE 7TH
Weslaco Chiefs batting - Pitching for Hartford Darth Whalers : LHP Will Chapman
Batting: RHB Aaron Stevens 0-0: Ball
1-0: SINGLE (Line Drive, 8LS)
Batting: RHB Troy Johnson 0-0: Ball
1-0: Foul Ball, location: 2F
1-1: Ground out 5-3 (Groundball, 5S)
Aaron Stevens to second
Batting: RHB Jerry Browning 0-0: Ball
Aaron Stevens steals 3rd base
1-0: Ground out 5-3 (Groundball, 5S)
Aaron Stevens scores
Batting: SHB Artie Adams 0-0: Foul Ball, location: 2F
0-1: Ball
1-1: Ground out 6-3 (Groundball, 56)
Top of the 7th over - 1 run(s), 1 hit(s), 0 error(s), 0 left on base; Weslaco 1 - Hartford 6
BOTTOM OF THE 7TH
Hartford Darth Whalers batting - Pitching for Weslaco Chiefs : RHP Tim Lowry
Batting: LHB Tim Griffith 0-0: SINGLE (Flyball, 7LS)
Batting: RHB Sidney Smith 0-0: Called Strike
0-1: Foul Ball, location: 2F
0-2: Ball
1-2: Foul Ball, location: 2F
1-2: Fly out, F7 (Line Drive, 7LM)
Batting: RHB Gabriel Ángel 0-0: Called Strike
0-1: Ball
Tim Griffith steals 2nd base
1-1: Foul Ball, location: 2F
1-2: Foul Ball, location: 2F
1-2: Foul Ball, location: 2F
1-2: Foul Ball, location: 2F
1-2: Foul Ball, location: 2F
1-2: Ball
2-2: Foul Ball, location: 2F
2-2: Foul Ball, location: 2F
2-2: Fly out, F9 (Flyball, 9LS)
Batting: RHB Sean White 0-0: Foul Ball, location: 2F
0-1: Ball
1-1: Swinging Strike
1-2: Strikes out swinging
Bottom of the 7th over - 0 run(s), 1 hit(s), 0 error(s), 1 left on base; Weslaco 1 - Hartford 6
TOP OF THE 8TH
Weslaco Chiefs batting - Pitching for Hartford Darth Whalers : LHP Will Chapman
Batting: RHB Seth O'Toole 0-0: Ball
1-0: Swinging Strike
1-1: Ball
2-1: Ground out U3 (Groundball, 34D)
Pitching: RHP Dani Quintela
Batting: RHB Ed Gaston 0-0: Ball
1-0: Swinging Strike
1-1: Swinging Strike
1-2: Ball
2-2: Strikes out swinging
Batting: LHB Edgardo Molina 0-0: Ball
1-0: Called Strike
1-1: Ball
2-1: Foul Ball, location: 2F
2-2: SINGLE (Groundball, 6MD)
Batting: RHB Jorge Calderón 0-0: Ball
1-0: Foul Ball, location: 2F
1-1: Swinging Strike
1-2: Ball
2-2: Fly out, F9 (Flyball, 9LM)
Top of the 8th over - 0 run(s), 1 hit(s), 0 error(s), 1 left on base; Weslaco 1 - Hartford 6
BOTTOM OF THE 8TH
Hartford Darth Whalers batting - Pitching for Weslaco Chiefs : RHP Tim Lowry
Batting: RHB Augusto Padilla 0-0: Swinging Strike
0-1: Ball
1-1: Ball
2-1: Foul Ball, location: 2F
2-2: Ball
3-2: SINGLE (Groundball, 25) (infield hit)
Batting: RHB José Chávez 0-0: Called Strike
0-1: Ball
1-1: Swinging Strike
1-2: Strikes out swinging
Batting: LHB Pancho Hernández 0-0: Ball
1-0: Ball
2-0: SINGLE (Line Drive, 9LM)
Augusto Padilla to second
Runner from 2nd tries for 3rd, SAFE, throw made to third
Batting: RHB Chester Mullins 0-0: Foul Ball, location: 2F
0-1: Called Strike
0-2: SINGLE (Groundball, 34D)
Augusto Padilla scores
Pancho Hernández to second
Batting: LHB Chris Henry 0-0: Ball
1-0: Fielders Choice at 2nd, 1-6 (Groundball, P)
Pancho Hernández to third
Batting: LHB Tim Griffith 0-0: Called Strike
0-1: Ball
1-1: Ball
2-1: SINGLE (Line Drive, 56D)
Pancho Hernández scores
Chris Henry to second
Batting: RHB Sidney Smith 0-0: Foul Ball, location: 2F
0-1: Ball
1-1: Foul Ball, location: 2F
1-2: Ball
2-2: Foul Ball, location: 2F
2-2: Ball
3-2: Ground out 4-3 (Groundball, 4)
Bottom of the 8th over - 2 run(s), 4 hit(s), 0 error(s), 2 left on base; Weslaco 1 - Hartford 8
TOP OF THE 9TH
Weslaco Chiefs batting - Pitching for Hartford Darth Whalers : RHP Dani Quintela
Now in RF: Manuel Cintrón
Batting: RHB Jeremiah Ward 0-0: Ball
1-0: Foul Ball, location: 2F
1-1: SINGLE (Flyball, 8LS)
Batting: RHB Aaron Stevens 0-0: Called Strike
0-1: Ball
1-1: Foul Ball, location: 2F
1-2: Strikes out swinging
Batting: RHB Troy Johnson 0-0: Foul Ball, location: 2F
0-1: Called Strike
0-2: SINGLE (Line Drive, 89S)
Jeremiah Ward to second
Batting: RHB Jerry Browning 0-0: Called Strike
0-1: 3-RUN HOME RUN (Flyball, 7D), Distance : 384 ft
Pitching: RHP Raymond Gibbons
Batting: SHB Artie Adams 0-0: DOUBLE (Line Drive, 89M)
Batting: RHB Seth O'Toole 0-0: Ball
1-0: Swinging Strike
1-1: Called Strike
1-2: Fly out, F8 (Flyball, 8LM)
Batting: RHB Ed Gaston 0-0: Ground out 4-3 (Groundball, 4)
Top of the 9th over - 3 run(s), 4 hit(s), 0 error(s), 1 left on base; Weslaco 4 - Hartford 8
Thursday, March 30th, 2017 - OOTP Baseball 17.12 Build 75